 Dungeon Crawl Stone Soup version 0.21.0 (webtiles) character file.

23877 Rrauwl the Nimble (level 13, 0/88 HPs)
             Began as a Gnoll Wanderer on Jan 6, 2018.
             Was a High Priest of Hepliaklqana.
             Killed from afar by a fire dragon (24 damage)
             ... with a blast of flame
             ... on level 3 of the Lair of Beasts.
             The game lasted 01:12:19 (14003 turns).

Rrauwl the Nimble (Gnoll Wanderer)                 Turns: 14003, Time: 01:12:19

Health: 0/88       AC: 11    Str: 21    XL:     13   Next: 9%
Magic:  24/24      EV: 19    Int: 16    God:    Hepliaklqana [*****.]
Gold:   727        SH:  0    Dex: 18    Spells: 15/27 levels left

rFire    + . .     SeeInvis .   a - +2 glaive "Neuffugo" {freeze, rN+ Str+4}
rCold    + . .     Gourm    .   (shield currently unavailable)
rNeg     + . .     Faith    .   d - +1 ring mail
rPois    .         Spirit   .   n - +1 hat
rElec    .         Reflect  .   (no cloak)
rCorr    .         Harm     .   O - +0 pair of gloves
MR       .....                  P - +0 pair of boots
Stlth    +++.......             (no amulet)
HPRegen  0.24/turn              o - ring of protection from cold
MPRegen  0.19/turn              N - ring of protection from fire

@: no status effects
A: distributed training, reduced essence, fangs 1, clever 1, sturdy frame 1,
strong nose
a: Recall Ancestor, Ancestor Identity, Transference, Idealise, Renounce Religion


You were on level 3 of the Lair of Beasts.
You worshipped Hepliaklqana.
Hepliaklqana was extremely pleased with you.
You were not hungry.

You visited 3 branches of the dungeon, and saw 15 of its levels.

You collected 727 gold pieces.

Inventory:

Hand Weapons
 a - the +2 glaive "Neuffugo" (weapon) {freeze, rN+ Str+4}
   (You found it on level 10 of the Dungeon)

   It has been specially enchanted to freeze those struck by it, causing extra
   injury to most foes and up to half again as much damage against particularly
   susceptible opponents.
   It can also slow down cold-blooded creatures.
   It affects your strength (+4).
   It protects you from negative energy.
 b - a +3 shortbow
Missiles
 g - 133 arrows
Armour
 d - a +1 ring mail (worn)
 n - a +1 hat (worn)
 O - a +0 pair of gloves (worn)
 P - a +0 pair of boots (worn)
Magical Staves
 u - an uncursed staff of death
Jewellery
 o - a ring of protection from cold (left hand)
 r - an uncursed ring of flight
 L - an uncursed ring of resist corrosion
 N - a ring of protection from fire (right hand)
Wands
 j - a wand of flame (29)
 F - a wand of random effects (29)
 H - a wand of enslavement (3)
 J - a wand of disintegration (29)
 M - a wand of digging (23)
Scrolls
 e - 7 scrolls of blinking
 i - 8 scrolls of identify
 m - 3 scrolls of enchant armour
 q - 3 scrolls of teleportation
 v - 5 scrolls of remove curse
 A - 4 scrolls of magic mapping
 G - a scroll of fear
Potions
 c - 5 potions of curing
 h - a potion of mutation
 k - 3 potions of haste
 l - 3 potions of lignification
 p - a potion of berserk rage
 s - 2 potions of cancellation
 z - 2 potions of might
 C - a potion of resistance
 D - a potion of flight
 E - 3 potions of heal wounds
Books
 x - a book of Conjurations

   Spells                             Type                      Level
   a - Magic Dart                     Conjuration                  1
   b - Searing Ray                    Conjuration                  2
   c - Dazzling Spray                 Conjuration/Hexes            3
   d - Fulminant Prism                Conjuration/Hexes            4
   e - Force Lance                    Conjuration/Translocation    4
   f - Iskenderun's Mystic Blast      Conjuration                  4
Miscellaneous
 t - a sack of spiders
 w - a lightning rod (1/4)
Comestibles
 f - 18 rations
 B - 3 chunks of flesh


   Skills:
 + Level 7.9 Fighting
 + Level 7.9 Short Blades
 + Level 7.9 Long Blades
 + Level 7.9 Axes
 + Level 7.9 Maces & Flails
 + Level 7.9 Polearms
 + Level 7.9 Staves
 + Level 7.9 Slings
 + Level 10.2 Bows
 + Level 7.9 Crossbows
 + Level 7.9 Throwing
 + Level 9.2 Armour
 + Level 10.2 Dodging
 + Level 7.9 Stealth
 + Level 9.2 Shields
 + Level 7.9 Unarmed Combat
 + Level 7.9 Spellcasting
 + Level 6.5 Conjurations
 + Level 6.5 Hexes
 + Level 6.5 Charms
 + Level 6.5 Summonings
 + Level 6.5 Necromancy
 + Level 6.5 Translocations
 + Level 6.5 Transmutations
 + Level 6.5 Fire Magic
 + Level 6.5 Ice Magic
 + Level 6.5 Air Magic
 + Level 6.5 Earth Magic
 + Level 6.5 Poison Magic
 + Level 8.6 Invocations
 + Level 7.9 Evocations


You had 15 spell levels left.
You knew the following spells:

 Your Spells              Type           Power        Failure   Level  Hunger
a - Apportation           Tloc           ####..       1%          1    None
b - Dazzling Spray        Conj/Hex       ####..       2%          3    ##.....
c - Regeneration          Chrm/Necr      ####......   2%          3    ##.....
d - Bolt of Magma         Conj/Fire/Erth ####......   26%         5    #####..


Dungeon Overview and Level Annotations

Branches:
Dungeon (11/15)            Temple (1/1) D:7            Lair (3/6) D:10
 Shoals (0/4) Lair:3          Orc (0/2) D:10
  Snake: Lair:2-4    Spider: Lair:2-4

Altars:
Ashenzari
Cheibriados
Dithmenos
Elyvilon
Fedhas
Gozag
Hepliaklqana
Kikubaaqudgha
Makhleb
Nemelex Xobeh
Okawaru
Qazlal
Ru
Sif Muna
Trog
Uskayaw
Vehumet
Wu Jian
Xom
Yredelemnul
Zin
The Shining One

Shops:
D:10 =*


Innate Abilities, Weirdness & Mutations

Your experience applies equally to all skills.
You have very sharp teeth.
Your uncanny sense of smell can sniff out nearby items.
Your life essence is reduced to manifest your ancestor. (-10% HP)
Your mind is acute. (Int +2)
Your movements are slightly less encumbered by armour. (ER -2)


Message History

The fire dragon breathes flames at you. The blast of flame hits you!
You resist.
The fire dragon bites you but does no damage.
The fire dragon misses you. The fire dragon closely misses you.
Unknown command.
You hit the fire dragon. You freeze the fire dragon.
The fire dragon is almost dead.
The fire dragon bites you!
* * * LOW HITPOINT WARNING * * *
The fire dragon misses you. x2
Unknown command.
Evoke which item? (* to show all) (? for menu, Esc to quit)
Aiming: Thunderbolt
Press: ? - help, Shift-Dir - straight line, f/p - fire dragon
Aim: a fire dragon (severely wounded, catching its breath)
The thunderbolt hits the fire dragon.
The fire dragon is almost dead.
The fire dragon breathes flames at you. The blast of flame hits you!
You resist.
You die...

...........[.............#
.#####.###################
.#####.# .##....# #≈
.##.#### ≈≈≈ .##.##
######≈§≈ .##..#
####...≈≈≈≈≈ .###.######
##....(..≈§≈§ ##
#......#####.@D...(.≈§≈≈
######............§§§§≈≈
#####........§≈§§≈$
###......§§≈§.$
##....≈≈≈t... ###..§§≈§...
####≈≈≈### ####


You could see a fire dragon and a crocodile.

Vanquished Creatures
  2 hydras (Lair:2)
  2 two-headed ogres
  A gargoyle (D:10)
  3 spiny frogs
  3 komodo dragons
  2 polar bears (Lair:1)
  A troll (D:10)
  4 hippogriffs
  15 yaks
  2 humans (D:6)
  A basilisk (Lair:3)
  2 water moccasins (Lair:2)
  2 porcupines
  An ice beast (D:7)
  2 orc warriors (D:10)
  3 sky beasts
  A necrophage (D:8)
  2 ogres
  3 wolves (Lair:3)
  2 phantoms (D:6)
  5 centaurs
  2 crocodiles
  11 bullfrogs
  A gnoll sergeant (D:8)
  3 scorpions
  A wight (D:7)
  2 bullfrog zombies
  5 crimson imps
  A quasit (D:8)
  A jelly (D:9)
  3 orc priests (D:10)
  4 hounds
  A centaur skeleton (D:6)
  7 orc wizards
  2 bullfrog skeletons
  6 worker ants
  3 iguanas
  A hound zombie (D:9)
  2 worker ant zombies (D:6)
  6 gnolls
  17 adders
  A shadow imp (D:5)
  3 worms
  A dart slug (D:1)
  5 leopard geckos
  25 orcs
  10 giant cockroaches
  5 goblins
  2 hobgoblins (D:1)
  5 jackals
  6 quokkas
  A ball python zombie (D:6)
  5 bats
  3 frilled lizards
  A jackal zombie (D:6)
  6 kobolds
  A quokka skeleton (D:6)
  A quokka zombie (D:8)
  7 rats
  A spectral orc (D:4)
  3 plants (Lair:1)
230 creatures vanquished.

Vanquished Creatures (collateral kills)
  Gastronok (Lair:2)
  Fannar (Lair:2)
  Erica (D:8)
  A catoblepas (Lair:3)
  A two-headed ogre (D:8)
  A merfolk siren (Lair:3)
  A spiny frog (Lair:2)
  2 polar bears (Lair:1)
  2 hippogriffs
  9 yaks
  2 basilisks
  2 wyverns
  A human (D:6)
  2 water moccasins
  3 porcupines
  3 orc warriors
  2 ice beasts
  4 wolves (Lair:1)
  2 sky beasts
  An ogre (D:10)
  3 crocodiles
  A big kobold (D:9)
  6 bullfrogs
  6 killer bees (D:10)
  3 wights (D:7)
  A howler monkey (D:10)
  A crimson imp (D:7)
  A centaur zombie (D:10)
  3 hounds
  2 bullfrog skeletons (D:7)
  A gnoll shaman (D:6)
  2 orc priests
  A centaur skeleton (D:10)
  2 orc wizards (D:10)
  5 worker ants
  A hound skeleton (D:10)
  A worker ant zombie (D:8)
  4 gnolls
  4 adders
  A shadow imp (D:8)
  A leopard gecko (D:7)
  4 orcs
  2 giant cockroaches
  2 jackals (D:10)
  2 kobolds (D:9)
  A leopard gecko zombie (D:9)
103 creatures vanquished.

Vanquished Creatures (others)
  13 battlemagi
  An ancestor (D:6)
14 creatures vanquished.

Grand Total: 347 creatures vanquished

Notes
Turn   | Place    | Note
-------+----------+-------------------------------------------
     0 | D:1      | Rrauwl the Gnoll Wanderer began the quest for the Orb.
     0 | D:1      | Rrauwl set off with: a +2 shortbow, 26 arrows, a potion of curing, a +0 ring mail, a ration
     0 | D:1      | Reached XP level 1. HP: 13/13 MP: 1/1
   162 | D:1      | Reached XP level 2. HP: 19/19 MP: 2/2
   415 | D:1      | Reached skill level 5 in Armour
   415 | D:1      | Reached skill level 5 in Shields
   415 | D:1      | Reached XP level 3. HP: 29/29 MP: 2/7
   502 | D:1      | Gained mutation: Your mind is acute. (Int +2) [potion of mutation]
   502 | D:1      | Gained mutation: Your movements are slightly less encumbered by armour. (ER -2) [potion of mutation]
  1395 | D:2      | Reached XP level 4. HP: 35/35 MP: 8/8
  1486 | D:2      | Found an opulent altar of Gozag.
  1760 | D:3      | Found a hazy altar of Hepliaklqana.
  1768 | D:3      | Became a worshipper of Hepliaklqana the Forgotten
  2117 | D:3      | Found a white marble altar of Elyvilon.
  2134 | D:3      | Reached XP level 5. HP: 36/36 MP: 9/9
  2213 | D:3      | Found a glowing golden altar of the Shining One.
  2469 | D:4      | Noticed a hand axe
  2469 | D:4      | Noticed a hand axe
  2470 | D:4      | Found a hide-covered altar of Uskayaw.
  2651 | D:4      | Reached XP level 6. HP: 40/42 MP: 10/10
  2661 | D:4      | Reached * piety under Hepliaklqana
  2767 | D:4      | Found a burning altar of Makhleb.
  2826 | D:4      | Found a basalt altar of Yredelemnul.
  2897 | D:4      | Found an ornate altar of the Wu Jian Council.
  3083 | D:5      | Entered Level 5 of the Dungeon
  3087 | D:5      | Found a deep blue altar of Sif Muna.
  3087 | D:5      | Found a stormy altar of Qazlal.
  3240 | D:5      | Noticed a sky beast
  3257 | D:5      | Killed a sky beast
  3257 | D:5      | Reached XP level 7. HP: 14/46 MP: 12/12
  3509 | D:5      | Found a sacrificial altar of Ru.
  4133 | D:5      | You fall through a shaft!
  4214 | D:6      | Reached XP level 8. HP: 44/54 MP: 13/13
  4913 | D:6      | Reached XP level 9. HP: 14/59 MP: 15/15
  5196 | D:6      | Identified the Handbook of the Aerial Compass
  5200 | D:6      | Learned a level 1 spell: Apportation
  5204 | D:6      | Learned a level 3 spell: Dazzling Spray
  5241 | D:6      | Reached skill level 5 in Invocations
  5690 | D:6      | Reached ** piety under Hepliaklqana
  5691 | D:6      | Remembered your ancestor Rick as a battlemage
  6295 | D:7      | Reached skill level 5 in Fighting
  6295 | D:7      | Reached skill level 5 in Short Blades
  6295 | D:7      | Reached skill level 5 in Long Blades
  6295 | D:7      | Reached skill level 5 in Axes
  6295 | D:7      | Reached skill level 5 in Maces & Flails
  6295 | D:7      | Reached skill level 5 in Polearms
  6295 | D:7      | Reached skill level 5 in Staves
  6295 | D:7      | Reached skill level 5 in Slings
  6295 | D:7      | Reached skill level 5 in Crossbows
  6295 | D:7      | Reached skill level 5 in Throwing
  6295 | D:7      | Reached skill level 5 in Stealth
  6295 | D:7      | Reached skill level 5 in Unarmed Combat
  6295 | D:7      | Reached skill level 5 in Spellcasting
  6295 | D:7      | Reached skill level 5 in Evocations
  6317 | D:7      | Reached XP level 10. HP: 30/66 MP: 17/17
  6557 | D:7      | Learned a level 3 spell: Regeneration
  6577 | D:7      | Found a staircase to the Ecumenical Temple.
  6597 | Temple   | Entered the Ecumenical Temple
  7165 | D:8      | Found a glowing golden altar of the Shining One.
  7258 | D:8      | Noticed Erica
  7268 | D:8      | Killed Erica
  7718 | D:8      | Noticed a two-headed ogre
  7734 | D:8      | Killed a two-headed ogre
  7804 | D:8      | Found a blossoming altar of Fedhas.
  7830 | D:8      | Reached *** piety under Hepliaklqana
  7840 | D:8      | Found a bloodstained altar of Trog.
  7929 | D:8      | Noticed a two-headed ogre
  7936 | D:8      | Killed a two-headed ogre
  7936 | D:8      | Reached XP level 11. HP: 72/72 MP: 18/20
  7986 | D:8      | Reached skill level 5 in Conjurations
  7986 | D:8      | Reached skill level 5 in Hexes
  7986 | D:8      | Reached skill level 5 in Charms
  7986 | D:8      | Reached skill level 5 in Summonings
  7986 | D:8      | Reached skill level 5 in Necromancy
  7986 | D:8      | Reached skill level 5 in Translocations
  7986 | D:8      | Reached skill level 5 in Transmutations
  7986 | D:8      | Reached skill level 5 in Fire Magic
  7986 | D:8      | Reached skill level 5 in Ice Magic
  7986 | D:8      | Reached skill level 5 in Air Magic
  7986 | D:8      | Reached skill level 5 in Earth Magic
  7986 | D:8      | Reached skill level 5 in Poison Magic
  8999 | D:9      | Reached **** piety under Hepliaklqana
  9074 | D:10     | Entered Level 10 of the Dungeon
  9343 | D:10     | Got an encrusted glaive
  9344 | D:10     | Identified the cursed +2 glaive "Neuffugo" {freeze, rN+ Str+4} (You found it on level 10 of the Dungeon)
  9373 | D:10     | Found Cenkonadd's Elemental Accessories.
  9377 | D:10     | Found Leyweolu's Jewellery Shop.
  9602 | D:10     | Upgraded the game from 0.21-b1-23-g1fb0a74c36 to 0.21.0
  9626 | D:10     | Noticed a two-headed ogre
  9630 | D:10     | Killed a two-headed ogre
  9638 | D:10     | Found a staircase to the Lair.
  9876 | D:10     | Found a staircase to the Orcish Mines.
 10381 | Lair:1   | Entered Level 1 of the Lair of Beasts
 10421 | Lair:1   | Learned a level 5 spell: Bolt of Magma
 10894 | Lair:1   | Noticed a six-headed hydra
 11442 | Lair:2   | Reached XP level 12. HP: 80/80 MP: 22/22
 11738 | Lair:2   | Killed a seven-headed hydra
 11915 | Lair:2   | Noticed an eight-headed hydra
 11927 | Lair:2   | Killed an eight-headed hydra
 11950 | Lair:2   | Reached ***** piety under Hepliaklqana
 11951 | Lair:2   | Noticed Gastronok
 12140 | Lair:2   | Killed Gastronok
 12615 | Lair:2   | Noticed Fannar
 12647 | Lair:2   | Killed Fannar
 12647 | Lair:2   | Reached skill level 10 in Bows
 12647 | Lair:2   | Reached skill level 10 in Dodging
 13387 | Lair:3   | Noticed a catoblepas
 13401 | Lair:3   | Killed a catoblepas
 13454 | Lair:3   | Reached XP level 13. HP: 86/88 MP: 24/24
 13778 | Lair:3   | Found a staircase to the Shoals.
 13985 | Lair:3   | Noticed a fire dragon
 14003 | Lair:3   | Killed from afar by a fire dragon

Skill      XL: |  1  2  3  4  5  6  7  8  9 10 11 12 |
---------------+-------------------------------------+-----
Fighting       | 3 4 5 6 7 |  7.9
Short Blades   | 3 4 5 6 7 |  7.9
Long Blades    | 3 4 5 6 7 |  7.9
Axes           | 3 4 5 6 7 |  7.9
Maces & Flails | 3 4 5 6 7 |  7.9
Polearms       | 3 4 5 6 7 |  7.9
Staves         | 3 4 5 6 7 |  7.9
Slings         | 3 4 5 6 7 |  7.9
Bows           | 7 8 9 10 | 10.2
Crossbows      | 3 4 5 6 7 |  7.9
Throwing       | 3 4 5 6 7 |  7.9
Armour         | 5 6 7 8 9 |  9.2
Dodging        | 7 8 9 10 | 10.2
Stealth        | 3 4 5 6 7 |  7.9
Shields        | 5 6 7 8 9 |  9.2
Unarmed Combat | 3 4 5 6 7 |  7.9
Spellcasting   | 3 4 5 6 7 |  7.9
Conjurations   | 2 3 4 5 6 |  6.5
Hexes          | 2 3 4 5 6 |  6.5
Charms         | 2 3 4 5 6 |  6.5
Summonings     | 2 3 4 5 6 |  6.5
Necromancy     | 2 3 4 5 6 |  6.5
Translocations | 2 3 4 5 6 |  6.5
Transmutations | 2 3 4 5 6 |  6.5
Fire Magic     | 2 3 4 5 6 |  6.5
Ice Magic      | 2 3 4 5 6 |  6.5
Air Magic      | 2 3 4 5 6 |  6.5
Earth Magic    | 2 3 4 5 6 |  6.5
Poison Magic   | 2 3 4 5 6 |  6.5
Invocations    | 3 4 5 6 7 8 |  8.6
Evocations     | 3 4 5 6 7 |  7.9

Action                   |  1- 3 |  4- 6 |  7- 9 | 10-12 | 13-15 || total
-------------------------+-------+-------+-------+-------+-------++-------
Melee: Battleaxe         |       |       |       |     3 |       ||     3
       Bite              |       |       |       |    24 |     2 ||    26
       Glaive            |       |       |       |   161 |     9 ||   170
 Fire: Shortbow          |    62 |   140 |   325 |   471 |    53 ||  1051
Invok: Ancestor Identity |       |     1 |       |       |       ||     1
       Recall Ancestor   |       |       |     1 |     2 |       ||     3
       Ancestor Life: Ba |       |       |     1 |       |       ||     1
       Idealise          |       |       |       |     1 |       ||     1
Evoke: Lightning rod     |       |       |     1 |     8 |     1 ||    10
       Wand              |       |       |       |     4 |       ||     4
  Use: Potion            |     5 |     3 |       |     4 |       ||    12
       Scroll            |     3 |     5 |     2 |    10 |       ||    20
 Stab: Sleeping          |       |       |       |     2 |       ||     2
       Distracted        |       |       |       |     3 |       ||     3
  Eat: Chunk             |     1 |     6 |     2 |    13 |       ||    22
       Ration            |       |       |     2 |     3 |       ||     5
Armor: Ring mail         |     4 |     6 |    26 |    47 |     5 ||    88
Dodge: Dodged            |    11 |    28 |    95 |   207 |    23 ||   364
